 Dungeon Crawl Stone Soup version 0.29-a0-923-g6e406bff71 (webtiles) character file.

Game seed: 12093458074030378701

811 Plasmagod the Covered (level 7, -10/61 HPs)
             Began as a Minotaur Fighter on July 28, 2022.
             Mangled by a kobold brigand
             ... wielding a +2 dagger of electrocution
              (18 damage)
             ... in a sewer.
             The game lasted 00:05:37 (3787 turns).

Plasmagod the Covered (Minotaur Fighter)            Turns: 3787, Time: 00:05:37

Health: -10/61     AC: 12    Str: 23 (26) XL:     7   Next: 61%
Magic:  6/6        EV:  6    Int:  3 (5)  God:
Gold:   198        SH:  5    Dex: 11 (12) Spells: 6/6 levels left

rFire   . . .      SeeInvis +   p - +2 short sword (drain)
rCold   . . .      Faith    .   c - +0 buckler
rNeg    . . .      Spirit   .   A - +0 plate armour
rPois   .          Reflect  .   (helmet restricted)
rElec   .          Harm     .   (no cloak)
rCorr   .          Rampage  .   (no gloves)
Will    .....                   (no boots)
Stlth   ..........              (no amulet)
HPRegen 0.20/turn               g - +6 ring of strength
MPRegen 0.10/turn               h - ring of see invisible

@: brilliant
A: horns 2, retaliatory headbutt
a: no special abilities


You were in a sewer.
You visited 1 branch of the dungeon, and saw 4 of its levels.
You also visited: Sewer.

You collected 198 gold pieces.

Inventory:

Hand Weapons
 a - a +0 war axe
 p - a +2 short sword of draining (weapon)
Armour
 c - a +0 buckler (worn)
 A - a +0 plate armour (worn)
Jewellery
 g - a +6 ring of strength (left hand)
 h - a ring of see invisible (right hand)
Scrolls
 d - a scroll of silence {unknown}
 e - 5 scrolls of teleportation {unknown}
 f - 2 scrolls of identify {unknown}
 k - 2 scrolls of magic mapping {unknown}
 m - a scroll of blinking {unknown}
 o - a scroll of torment {unknown}
 r - 2 scrolls of acquirement {unknown}
 t - 2 scrolls of vulnerability {unknown}
 w - 2 scrolls of fear {unknown}
 x - a scroll of amnesia {unknown}
 y - a scroll of immolation {unknown}
Potions
 b - a potion of attraction {unknown}
 i - a potion of curing
 j - a potion of heal wounds {unknown}
 l - a potion of degeneration
 n - a potion of ambrosia {unknown}
 q - a potion of lignification {unknown}
 s - a potion of cancellation {unknown}
 u - 2 potions of brilliance
 v - 2 potions of resistance {unknown}
 z - a potion of mutation {unknown}


   Skills:
 + Level 5.2 Fighting
 + Level 5.1 Short Blades
 + Level 4.6 Axes
 + Level 6.2 Armour
 + Level 1.1 Dodging
 + Level 0.4 Stealth
 + Level 4.8 Shields


You had 6 spell levels left.
You didn't know any spells.
Your spell library contained the following spells:

 Spells                   Type           Power      Damage    Failure   Level
 Ignite Poison            Fire/Tmut/Pois 0%         N/A       100%        3
 Mephitic Cloud           Conj/Pois/Air  0%         N/A       100%        3
 Freezing Cloud           Conj/Ice/Air   0%         6-21      100%        5


Dungeon Overview and Level Annotations

Branches:
Dungeon (4/15)              Sewer (1/1)
 Temple: D:4-7

Altars:


Innate Abilities, Weirdness & Mutations

You have a pair of horns on your head.
You reflexively headbutt those who attack you in melee.


Message History

You are electrocuted!!
* * * LOW HITPOINT WARNING * * *
The kobold hits you but does no damage.
You are too injured to fight recklessly!
You barely miss the kobold brigand.
Your headbutt misses the kobold brigand.
The kobold hits you but does no damage.
The kobold brigand hits you but does no damage.
You hit the kobold brigand but do no damage.
The kobold brigand splashes around in the water.
The kobold hits you but does no damage.
You hit the kobold brigand. You drain the kobold brigand.
Your headbutt misses the kobold brigand.
The kobold brigand is moderately wounded.
The kobold barely misses you.
The kobold brigand hits you but does no damage.
You are electrocuted!
* * * LOW HITPOINT WARNING * * *
It was a potion of brilliance.
You feel clever all of a sudden. The kobold hits you but does no damage.
The kobold brigand barely misses you.
It was a potion of degeneration.
There was something very wrong with that liquid.
You feel weakened.
You feel dopey.
You feel clumsy.
The kobold brigand hits you but does no damage.
You block the kobold's attack.
It was a potion of curing.
You feel better.
The kobold hits you with a +0 short sword.
* * * LOW HITPOINT WARNING * * *
The kobold brigand completely misses you.
You barely miss the kobold brigand.
The kobold brigand is moderately wounded.
The kobold brigand splashes around in the water.
The kobold barely misses you.
You barely miss the kobold brigand.
The kobold brigand is moderately wounded.
The kobold hits you but does no damage.
The kobold brigand hits you but does no damage.
You are electrocuted!!
You die...

#≈≈≈≈≈≈. #≈≈≈≈≈≈.
####### ##≈≈.≈≈.≈
#.≈≈≈≈##### ##≈.≈≈≈...
#####≈†..≈####≈.≈.##≈≈.
#.≈≈≈≈###≈≈≈..≈≈.####≈≈
####### #.≈≈.≈≈≈≈# #.≈
#.≈≈≈K###≈≈≈.≈.≈## ≈≈≈
#≈@≈≈≈####### ≈
#.≈≈≈K##### ######


You could see a kobold brigand (drained) and a kobold.

Vanquished Creatures
  Sigmund (D:4)
  Duvessa (D:4)
  An ogre (D:4)
  3 kobold brigands (Sewer)
  Dowan (D:4)
  A hound (D:4)
  An orc wizard (D:4)
  5 adders
  2 river rats (Sewer)
  3 worms (Sewer)
  A dart slug (D:3)
  4 orcs
  2 ball pythons (D:3)
  9 bats
  7 endoplasms
  4 giant cockroaches
  5 hobgoblins
  5 jackals
  10 kobolds
  5 quokkas
  A frilled lizard (D:2)
  3 goblins (D:2)
  8 rats
  A spectral hobgoblin (D:1)
84 creatures vanquished.

Notes
Turn   | Place    | Note
-------+----------+-------------------------------------------
     0 | D:1      | Plasmagod the Minotaur Fighter began the quest for the Orb.
     0 | D:1      | Reached XP level 1. HP: 19/19 MP: 0/0
   604 | D:1      | Reached XP level 2. HP: 27/27 MP: 1/1
   628 | D:1      | Found a faded altar of an unknown god.
   732 | D:1      | Reached skill level 4 in Armour
  1252 | D:2      | Reached XP level 3. HP: 33/33 MP: 2/2
  1879 | D:2      | Reached XP level 4. HP: 40/40 MP: 3/3
  2824 | D:4      | Noticed Sigmund
  2833 | D:4      | Killed Sigmund
  2834 | D:4      | Reached skill level 5 in Armour
  2834 | D:4      | Reached XP level 5. HP: 42/47 MP: 4/4
  2834 | D:4      | Reached XP level 6. HP: 47/53 MP: 5/5
  3093 | D:4      | Reached skill level 1 in Dodging
  3318 | D:4      | Noticed Duvessa
  3319 | D:4      | Noticed Dowan
  3334 | D:4      | Killed Duvessa
  3335 | D:4      | Reached XP level 7. HP: 50/60 MP: 6/6
  3344 | D:4      | Killed Dowan
  3439 | D:4      | Found a glowing drain.
  3448 | Sewer    | Entered a sewer
  3545 | Sewer    | Reached skill level 5 in Fighting
  3545 | Sewer    | Reached skill level 6 in Armour
  3692 | Sewer    | Reached skill level 5 in Short Blades
  3782 | Sewer    | HP: 1/61 [kobold brigand/+2 dagger of electrocution (17)]
  3787 | Sewer    | Mangled by a kobold brigand

Illustrated notes

Levels and vault maps discovered:
D:1:      dpeg_arrival_fog, layout_loops_corners,
          dreamdust_ecumenical_altar_drowned_temple, patterned_corridor
D:2:      layout_basic
D:3:      layout_loops_corners
D:4:      layout_loops_ring, cheibrodos_sewer_entry_sluice,
          kennysheep_generic_room_14, uniq_duvessa, uniq_sigmund
Sewer:    sewer_co_tree

Skill      XL: |  1  2  3  4  5  6  7 |
---------------+----------------------+-----
Armour         | 4 5 6 |  6.2
Fighting       | 4 5 |  5.2
Axes           | 4 |  4.6
Shields        | 4 |  4.8
Short Blades   | 2 3 5 |  5.1
Dodging        | 1 |  1.1
Stealth        | |  0.4

Action                   |  1- 3 |  4- 6 |  7- 9 || total
-------------------------+-------+-------+-------++-------
Melee: War axe           |    72 |       |       ||    72
       Headbutt          |    13 |    15 |    15 ||    43
       Short sword       |    14 |    76 |    74 ||   164
  Use: Potion            |       |     1 |     3 ||     4
Armor: Chain mail        |    61 |    16 |       ||    77
       Scale mail        |     4 |       |       ||     4
       Plate armour      |       |    14 |    26 ||    40
Dodge: Dodged            |    31 |    23 |    17 ||    71
Block: Buckler           |    22 |    12 |     9 ||    43

Table legend: (Time is in decaauts)
 A = Elapsed time spent in this place.
 B = Non-inter-level travel time spent in this place.
 C = Inter-level travel time spent in this place.
 D = Time resting spent in this place.
 E = Time spent auto-exploring this place.
 F = Levels seen in this place.
 G = Mean time per level.
                   A        B        C        D        E       F      G
               +--------+--------+--------+--------+--------+-----+--------+
         Total |   3889 |   3806 |     83 |      0 |   3213 |   5 |  777.8 |
       Dungeon |   3492 |   3409 |     83 |      0 |   2938 |   4 |  873.0 |
         Sewer |    396 |    396 |      0 |      0 |    275 |   1 |  396.0 |
               +--------+--------+--------+--------+--------+-----+--------+

Top non-repeatable levels by time:
     D:1: 1083 daAuts
     D:2: 920 daAuts
     D:3: 865 daAuts
     D:4: 623 daAuts
   Sewer: 396 daAuts
